 Dungeon Crawl Stone Soup version 0.21.1-1-g345015f (webtiles) character file.

70 inc the Vexing (level 4, 18/18 HPs)
             Began as a Felid Enchanter on Mar 15, 2018.
             Quit the game on level 3 of the Dungeon.
             The game lasted 00:05:27 (3460 turns).

inc the Vexing (Felid Enchanter)                    Turns: 3460, Time: 00:05:27

Health: 18/18      AC:  1    Str:  4    XL:     4   Next: 4%
Magic:  1/9        EV: 18    Int: 17    God:
Gold:   47         SH:  0    Dex: 16    Spells: 3/9 levels left
                                        Lives:  0   Deaths: 1

rFire    . . .     SeeInvis +     - Unarmed
rCold    . . .     Gourm    .   (shield unavailable)
rNeg     . . .     Faith    .   (armour unavailable)
rPois    .         Spirit   .   (helmet unavailable)
rElec    .         Reflect  .   (cloak unavailable)
rCorr    .         Harm     .   (gloves unavailable)
MR       .....                  (boots unavailable)
Stlth    +++.......             (no amulet)
HPRegen  0.06/turn              (no ring)
MPRegen  0.11/turn              (no ring)

@: very slightly contaminated, quick
A: very small, no armour, no weapons or thrown items, stealth, claws 1, fangs 3,
see invisible, carnivore, speed 1, shaggy fur 1, slow metabolism 1, sharp paws
a: no special abilities


You were on level 3 of the Dungeon.
You were not hungry.

You visited 1 branch of the dungeon, and saw 3 of its levels.

You collected 47 gold pieces.

Inventory:

Jewellery
 k - an uncursed ring of positive energy {unknown}
Wands
 m - a wand of paralysis (18)
Scrolls
 c - a scroll of fog {unknown}
 f - a scroll of blinking {unknown}
 h - 3 scrolls of identify {unknown}
 j - a scroll of amnesia {unknown}
 l - a scroll of remove curse {unknown}
Potions
 d - a potion of curing
 e - a potion of heal wounds {unknown}
 g - a potion of flight {unknown}
 i - 2 potions of degeneration {unknown}
Books
 a - a book of Maledictions

   Spells                             Type                      Level
   a - Corona                         Hexes                        1
   b - Ensorcelled Hibernation        Hexes/Ice                    2
   c - Confuse                        Hexes                        3
   d - Tukima's Dance                 Hexes                        3
   e - Dazzling Spray                 Conjuration/Hexes            3
Comestibles
 b - 7 rations


   Skills:
 - Level 2.6 Dodging
 - Level 4.0 Stealth
 - Level 2.1 Unarmed Combat
 - Level 3.1 Spellcasting
 + Level 5.7 Hexes
 + Level 1.9 Ice Magic


You had 3 spell levels left.
You knew the following spells:

 Your Spells              Type           Power        Failure   Level  Hunger
a - Corona                Hex            ###....      1%          1    None
b - Ensorcelled Hibernat  Hex/Ice        ###...       5%          2    ##.....
c - Confuse               Hex            ###.....     4%          3    ###....


Dungeon Overview and Level Annotations

Branches:
Dungeon (3/15)

Altars:
Fedhas
Sif Muna

Annotations:
D:3 dscm's ghost, weakling DsNe


Innate Abilities, Weirdness & Mutations

You cannot wear armour.
You are incapable of wielding weapons or throwing items.
Your paws allow you to move quietly. (Stealth)
You have sharp claws.
You have razor-sharp teeth.
You have supernaturally acute eyesight. (SInv)
You are carnivorous and can eat meat at any time.
You cover ground quickly.
You are covered in fur. (AC +1)
You have a slow metabolism.
Your sharp claws are effective at attacking unaware monsters.


Message History

You scratch the rat. Your bite misses the rat.
The rat is moderately wounded.
The rat closely misses you.
Casting: Confuse
Confirm with . or Enter, or press ? or * to list all spells.
Aiming: Ensorcelled Hibernation
Press: ? - help, Shift-Dir - straight line, f - rat
Aim: a rat (moderately wounded, chance to defeat MR: 63%)
You miscast Ensorcelled Hibernation.
You are very lightly contaminated with residual magic.
Your paws glow momentarily.
The rat barely misses you.
You scratch the rat but do no damage.
The rat is moderately wounded.
You scratch the rat but do no damage.
The rat is moderately wounded.
The rat closely misses you.
You scratch the rat.
You kill the rat!
There is an open door here.
Are you sure you want to abandon this character and quit the game? (Confirm with "yes".)

#.#.##..[....#
###.....####.#>......####
.................#####
.............##.....#####
#......#######..........
#......# #.....##...
#......# #.....##...
#......#######.....##...
#......@....##.....#####
#......####........#
......... #..##....#
########## #..####.##
#..# #.# #..# #.# #..# .#
#..# #..#


There were no monsters in sight!

Vanquished Creatures
  A worker ant (D:3)
  4 adders
  3 oozes
  4 worms
  2 leopard geckos
  5 bats
  2 giant cockroaches
  6 goblins
  6 hobgoblins
  A ball python (D:3)
  A frilled lizard (D:2)
  11 kobolds
  A leopard gecko skeleton (D:2)
  11 rats
58 creatures vanquished.

Notes
Turn   | Place    | Note
-------+----------+-------------------------------------------
     0 | D:1      | inc the Felid Enchanter began the quest for the Orb.
     0 | D:1      | Reached XP level 1. HP: 7/7 MP: 4/4
   396 | D:1      | Reached XP level 2. HP: 11/11 MP: 6/6
   457 | D:2      | Learned a level 2 spell: Ensorcelled Hibernation
  1258 | D:1      | Reached skill level 1 in Ice Magic
  1593 | D:2      | Reached XP level 3. HP: 14/14 MP: 7/7
  2042 | D:2      | Found a deep blue altar of Sif Muna.
  2042 | D:2      | Found a blossoming altar of Fedhas.
  2411 | D:2      | Reached XP level 4. HP: 18/18 MP: 6/9
  2516 | D:3      | Noticed dscm's ghost (weakling DsNe)
  2773 | D:3      | Reached skill level 5 in Hexes
  3191 | D:3      | Learned a level 3 spell: Confuse
  3398 | D:3      | Killed from afar by an orc wizard
  3399 | D:3      | Reached XP level 3. HP: -3/14 MP: 5/8
  3452 | D:3      | Reached XP level 4. HP: 18/18 MP: 2/9
  3460 | D:3      | Quit the game

Skill      XL: |  1  2  3  4 |
---------------+-------------+-----
Unarmed Combat | 2 |  2.1
Ice Magic      | 1 |  1.9
Spellcasting   | 3 |  3.1
Hexes          | 5 |  5.7
Dodging        | |  2.6
Stealth        | |  4.0

Action                   |  1- 3 |  4- 6 || total
-------------------------+-------+-------++-------
Melee: Unarmed           |    79 |    35 ||   114
       Bite              |     3 |       ||     3
 Cast: Ensorcelled Hiber |    28 |    25 ||    53
       Corona            |     1 |     2 ||     3
       Confuse           |     1 |     1 ||     2
  Use: Potion            |       |     1 ||     1
 Stab: Sleeping          |    30 |    16 ||    46
       Confused          |       |     1 ||     1
  Eat: Chunk             |     5 |     5 ||    10
Armor: Skin              |     3 |     1 ||     4
Dodge: Dodged            |    54 |    23 ||    77
